 Dungeon Crawl Stone Soup version 0.28.0-53-g5a82cb258f (webtiles) character file.

Game seed: 2825974442219210321

79 SanguineChosen the Covered (level 4, -3/28 HPs)
             Began as a Gargoyle Fighter on July 17, 2022.
             Slain by a gnoll
             ... wielding a +0 halberd
              (9 damage)
             ... on level 2 of the Dungeon.
             The game lasted 00:04:30 (2518 turns).

SanguineChosen the Covered (Gargoyle Fighter)       Turns: 2518, Time: 00:04:30

Health: -3/28      AC: 10    Str: 22    XL:     4   Next: 37%
Magic:  4/4        EV:  9    Int:  8    God:
Gold:   46         SH:  4    Dex:  9    Spells: 3/3 levels left

rFire   . . .      SeeInvis .   a - +0 flail
rCold   . . .      Faith    .   c - +0 buckler
rNeg    + . .      Spirit   .   b - +0 scale mail
rPois   ∞          Reflect  .   (no helmet)
rElec   +          Harm     .   (no cloak)
rCorr   .          Rampage  .   (no gloves)
Will    .....                   (no boots)
Stlth   ..........              (no amulet)
HPRegen 0.09/turn               (no ring)
MPRegen 0.09/turn               (no ring)

@: no status effects
A: sickness immunity, AC +3, negative energy resistance 1, electricity
resistance, torment resistance 1, petrification resistance
a: no special abilities


You were on level 2 of the Dungeon.
You visited 1 branch of the dungeon, and saw 2 of its levels.

You collected 46 gold pieces.

Inventory:

Hand Weapons
 a - a +0 flail (weapon)
Armour
 b - a +0 scale mail (worn)
 c - a +0 buckler (worn)
Scrolls
 d - a scroll of silence {unknown}
 e - a scroll of blinking {unknown}
 f - a scroll of vulnerability {unknown}
 i - a scroll of brand weapon {unknown}
 j - a scroll of noise {unknown}
 k - a scroll of magic mapping {unknown}
 l - 3 scrolls of fear {unknown}
Potions
 g - a potion of flight {unknown}
 h - a potion of curing {unknown}


   Skills:
 + Level 3.5 Fighting
 + Level 3.0 Maces & Flails
 + Level 4.0 Armour
 + Level 0.7 Dodging
 + Level 3.7 Shields


You had 3 spell levels left.
You didn't know any spells.
Your spell library was empty.

Dungeon Overview and Level Annotations

Branches:
Dungeon (2/15)

Altars:


Innate Abilities, Weirdness & Mutations

You are immune to sickness and miasma.
Your stone body is resilient. (AC +3)
You are immune to poison.
You resist negative energy. (rN+)
You are resistant to electric shocks. (rElec)
You are resistant to unholy torment.
You are immune to petrification.


Message History

You sock the gnoll!
You kill the gnoll!
Things that are here:
a +0 club; a gnoll corpse
Things that are here:
a +0 club; a gnoll corpse
There is a stone staircase leading down here.
You climb downwards.
There is a stone staircase leading up here.
The gnoll hits you with a +0 halberd!
The gnoll hits you from afar with a +0 spear.
You closely miss the gnoll. The gnoll hits you with a +0 halberd.
The gnoll hits you from afar with a +0 spear.
You closely miss the gnoll.
The gnoll hits you but does no damage. x2
The gnoll barely misses you. The gnoll barely misses you. x2
There is a stone staircase leading up here.
The gnoll hits you but does no damage. The gnoll barely misses you.
You climb upwards.
There is a stone staircase leading down here.
You start resting.
HP restored.
There is a stone staircase leading down here.
You climb downwards.
The gnoll closely misses you.
There is a stone staircase leading up here.
The gnoll hits you but does no damage. x2
The gnoll hits you with a +0 halberd! The gnoll hits you but does no damage.
You closely miss the gnoll. The gnoll closely misses you.
The gnoll hits you but does no damage.
You hit the gnoll.
The gnoll is heavily wounded.
The gnoll hits you with a +0 halberd! The gnoll barely misses you. x2
The gnoll hits you from afar with a +0 spear.
* * * LOW HITPOINT WARNING * * *
The gnoll barely misses you. The gnoll barely misses you.
There is a stone staircase leading up here.
You block the gnoll's attack.
The gnoll hits you from afar with a +0 halberd!
You die...

......###.# .#### #..
......... ##.... ...
.......# ##...## #.#
.......###.....#### #.#
#.................# #.#
##...##........##.# #g#
#.###............# #g# #.#
#........##..# #.# #.#
#.......###@.######.##
##.###.##.##......g.......#
..<..)....######g.######..#
##.###.#### #..### #..# #.#
#.#########....# #.... #.#
#...........##.# ###.## #.#
##############.# .# #.# #.#
.. #.. #.# ...


You could see 2 gnolls.

Vanquished Creatures
  2 gnolls
  3 adders (D:2)
  4 endoplasms
  A goblin (D:1)
  5 hobgoblins
  3 jackals (D:1)
  2 quokkas (D:1)
  2 ball pythons (D:2)
  4 bats
  3 frilled lizards
  2 kobolds
  A rat (D:1)
32 creatures vanquished.

Notes
Turn   | Place    | Note
-------+----------+-------------------------------------------
     0 | D:1      | SanguineChosen the Gargoyle Fighter began the quest for the
                  | Orb.
     0 | D:1      | Reached XP level 1. HP: 14/14 MP: 1/1
    26 | D:1      | Found a faded altar of an unknown god.
   436 | D:1      | Reached XP level 2. HP: 19/19 MP: 2/2
  1289 | D:2      | Reached XP level 3. HP: 20/23 MP: 3/3
  1668 | D:2      | Reached XP level 4. HP: 22/28 MP: 4/4
  2005 | D:2      | Reached skill level 4 in Armour
  2518 | D:2      | Slain by a gnoll

Illustrated notes

Levels and vault maps discovered:
D:1:      lemuel_arrival_lava_pool, layout_loops_corners,
          chequers_ecumenical_altar_twisty, chequers_serial_rivers_large_a
D:2:      layout_loops_ring, basic_altar

Skill      XL: |  1  2  3  4 |
---------------+-------------+-----
Maces & Flails | 3 |  3.0
Armour         | 4 |  4.0
Fighting       | |  3.5
Dodging        | |  0.7
Shields        | |  3.7

Action                   |  1- 3 |  4- 6 || total
-------------------------+-------+-------++-------
Melee: Flail             |   128 |    16 ||   144
  Use: Potion            |     1 |       ||     1
Armor: Scale mail        |    86 |    16 ||   102
Dodge: Dodged            |    88 |    23 ||   111
Block: Buckler           |    30 |     3 ||    33
